 Dungeon Crawl Stone Soup version 0.20.1-1-g8b1a95d (webtiles) character file.

5565 Monsterracer the Cleaver (level 10, -3/92 HPs)
             Began as a Deep Dwarf Fighter on Oct 18, 2017.
             Was a Believer of Makhleb.
             Slain by a gargoyle
             ... wielding a +2 flail of distortion
              (7 damage)
             ... while paralysed
             ... on level 9 of the Dungeon.
             The game lasted 00:07:23 (3803 turns).

Monsterracer the Cleaver (Deep Dwarf Fighter)       Turns: 3803, Time: 00:07:23

Health: -3/92      AC: 17    Str: 22    XL:     10   Next: 44%
Magic:  14/14      EV:  2    Int: 10    God:    Makhleb [**....]
Gold:   153        SH:  0    Dex: 12    Spells: 9/9 levels left

rFire    . . .     SeeInvis .   a - +1 war axe
rCold    . . .     Gourm    .   c - +0 shield
rNeg     . . .     Faith    .   j - +0 chain mail
rPois    .         Spirit   .   g - +2 hat
rElec    .         Reflect  .   l - +2 cloak
rCorr    .         Harm     .   s - +0 pair of gloves
MR       +....                  (no boots)
Stlth    ..........             (no amulet)
Regen    0.0/turn               (no ring)
MPRegen  0.2/turn               (no ring)

@: paralysed, berserk cooldown, non-regenerating, slowed
A: damage resistance, heal wounds, sense surroundings 2, no regeneration
a: Heal Wounds, Minor Destruction, Renounce Religion


You were on level 9 of the Dungeon.
You worshipped Makhleb.
Makhleb was pleased with you.
You were hungry.

You visited 2 branches of the dungeon, and saw 10 of its levels.

You collected 202 gold pieces.
You spent 49 gold pieces at shops.

Inventory:

Hand Weapons
 a - a +1 war axe (weapon)
 b - a +2 flail of crushing
Missiles
 i - a throwing net (quivered)
Armour
 c - a +0 shield (worn)
 g - a +2 hat (worn)
 j - a +0 chain mail (worn)
 l - a +2 cloak (worn)
 s - a +0 pair of gloves (worn)
Wands
 n - a wand of digging (14/24)
Potions
 d - 2 potions of ambrosia
 e - 3 potions of brilliance
 h - 6 potions of curing
 o - a potion of cancellation
 p - a potion of flight
 r - a potion of magic
 v - a potion of agility
Comestibles
 f - 6 bread rations
 k - 3 meat rations
 m - a fruit
 q - a royal jelly


   Skills:
 + Level 6.4 Fighting
 * Level 10.5 Axes
 + Level 7.9 Armour
 - Level 2.0 Dodging
 + Level 7.7 Shields
 + Level 6.8 Invocations


You had 9 spell levels left.
You didn't know any spells.

Dungeon Overview and Level Annotations

Branches:
Dungeon (9/15)             Temple (1/1) D:5
   Lair: D:8-11         Orc: D:9-12

Altars:
Ashenzari
Dithmenos
Elyvilon
Fedhas
Gozag
Kikubaaqudgha
Makhleb
Nemelex Xobeh
Okawaru
Ru
Sif Muna
Vehumet
Xom
Zin
The Shining One

Shops:
D:6 *[=[


Innate Abilities, Weirdness & Mutations

You are resistant to damage.
You can heal yourself by infusing magical energy.
You passively map the area around you.
You do not regenerate.


Message History

The centaur warrior hits you but does no damage.
The two-headed ogre hits you with a giant spiked club!
* * * LOW HITPOINT WARNING * * *
You block the two-headed ogre's attack.
Huge Dmg: -11%(-10hp) hp: 26%(23hp) Unknown command.
You hit the two-headed ogre.
The two-headed ogre is almost dead.
You hit the centaur warrior.
The centaur warrior hits you but does no damage.
You block the two-headed ogre's attack.
The two-headed ogre hits you but does no damage.
The centaur warrior hits you but does no damage.
You hit the two-headed ogre.
The two-headed ogre is almost dead.
Your chain mail prevents you from hitting the centaur warrior.
The centaur warrior closely misses you. The two-headed ogre closely misses you.
You block the two-headed ogre's attack.
You slash the two-headed ogre!
You kill the two-headed ogre!
Makhleb accepts your kill.
You feel better.
Your Axes skill increases to level 10!
You slash the centaur warrior!
The centaur warrior hits you but does no damage.
The centaur warrior hits you with a vampiric hand axe.
You aren't carrying any spellbooks or scrolls.
Unknown command.
A red film seems to cover your vision as you go berserk!
You feel yourself moving faster!
You feel mighty! The orc warrior barely misses you.
The centaur warrior hits you with a vampiric hand axe.
You slice the centaur warrior!!
The centaur warrior is heavily wounded.
You slash the orc warrior! You block the centaur warrior's attack.
The orc warrior hits you but does no damage.
You slash the centaur warrior!
The centaur warrior is severely wounded.
You hit the orc warrior.
The centaur warrior hits you but does no damage.
You slice the centaur warrior!!
You kill the centaur warrior!
Makhleb accepts your kill.
You hit the orc warrior. You block the orc warrior's attack.
You barely miss the adder skeleton. You slice the orc warrior!!
You kill the orc warrior!
Makhleb accepts your kill.
You feel better.
The gargoyle hurls a stone arrow at you.
The stone arrow hits you!
The adder skeleton bites you but does no damage.
Damage: -5%(-7hp) hp: 34%(46hp)
You slash the adder skeleton!
The adder skeleton is severely damaged.
The adder skeleton bites you.
You hit the adder skeleton.
The adder skeleton is almost destroyed.
You hit the gargoyle but do no damage. You slash the adder skeleton!
You destroy the adder skeleton!
Makhleb accepts your kill.
Your shield prevents you from hitting the gargoyle.
The gargoyle hurls a stone arrow at you.
You block the stone arrow.
You completely miss the gargoyle. You slash the wyvern!
You block the wyvern's attack.
The gargoyle hits you with a flail of distortion!
* * * LOW HITPOINT WARNING * * *
Space bends around you.
* * * LOW HITPOINT WARNING * * *
Damage: -7%(-9hp) hp: 27%(37hp)
You slash the gargoyle!
The gargoyle is moderately damaged.
You hit the wyvern. The wyvern barely misses you.
You hit the gargoyle but do no damage.
The gargoyle is moderately damaged.
You closely miss the wyvern. The wyvern barely misses you.
The gargoyle hits you with a flail of distortion!
* * * LOW HITPOINT WARNING * * *
Space warps horribly around you!
* * * LOW HITPOINT WARNING * * *
Huge Dmg: -22%(-31hp) hp: 5%(6hp)
You barely miss the gargoyle.
The gargoyle is moderately damaged.
You slash the wyvern!
You kill the wyvern!
Makhleb accepts your kill.
You completely miss the gargoyle.
The gargoyle is moderately damaged.
You block the gargoyle's attack.
You slice the gargoyle!!
The gargoyle is almost destroyed.
The gargoyle hits you but does no damage.
You blink.
You feel a strong urge to attack something.
You are no longer berserk.
You pass out from exhaustion.
You feel yourself slow down.
The gargoyle hits you with a flail of distortion!
You die...

...........###..### ,
...........#.#.?..#,=.#*,
,, ,
..........##...#..##).# ,
, *#........#..........#
#.......##.##.......# , ,
#....>..#.[##..#...# , ,
#......#(.#....#...# , ,
#......#(.........# ,
#.....##(.#.#.#@#.#, , ,,
#.....#.#..#.#)#9##,,, ,
, #....##)#......ยง.#,, ,
,,, ##....#.#.#.....$##,
,, , , .....##.#.#..#.#.#
, , .....#.#.#.#..#.##, ,
, ##..##.#.#.#....# ,,, ,
, , #..#.#.#.#.#..##....
, * #..#.#/#=#[#..#.....
,,


You could see a gargoyle.

Vanquished Creatures
  2 two-headed ogres
  A centaur warrior (D:9)
  A gargoyle (D:9)
  A hippogriff (D:8)
  2 wyverns
  3 orc warriors
  An ice beast (D:5)
  An ogre (D:7)
  A phantom (D:9)
  2 centaurs
  A crocodile (D:9)
  A bullfrog (D:6)
  A gnoll sergeant (D:7)
  6 killer bees (D:5)
  3 wights (D:8)
  2 howler monkeys
  A centaur zombie (D:6)
  6 crimson imps
  A bullfrog skeleton (D:8)
  A bullfrog zombie (D:5)
  A centaur skeleton (D:6)
  6 hounds
  A jelly (D:8)
  18 orc wizards
  3 iguanas
  6 worker ants
  2 hound zombies
  A mummy (D:4)
  A worker ant zombie (D:5)
  5 adders
  10 gnolls
  A shadow imp (D:5)
  4 adder zombies
  2 adder skeletons
  A worm (D:5)
  A dart slug (D:1)
  2 leopard geckos
  28 orcs
  3 bats (D:1)
  2 giant cockroaches
  3 hobgoblins
  3 jackals (D:6)
  2 kobolds (D:1)
  A quokka (D:6)
  A ball python (D:6)
  2 goblins (D:1)
  A jackal zombie (D:5)
  A quokka skeleton (D:5)
  A quokka zombie (D:8)
  2 rats (D:1)
153 creatures vanquished.

Notes
Turn   | Place    | Note
-------+----------+-------------------------------------------
     0 | D:1      | Monsterracer the Deep Dwarf Fighter began the quest for the Orb.
     0 | D:1      | Reached XP level 1. HP: 20/20 MP: 1/1
   102 | D:1      | Reached XP level 2. HP: 24/27 MP: 2/2
   245 | D:4      | Reached XP level 3. HP: 30/34 MP: 3/3
   312 | D:4      | Reached skill level 3 in Axes
   377 | D:4      | Found a sand-covered staircase.
   384 | D:4      | Reached XP level 4. HP: 21/42 MP: 1/4
   419 | D:5      | Entered Level 5 of the Dungeon
   424 | D:5      | Reached skill level 1 in Dodging
   460 | D:5      | Reached XP level 5. HP: 41/49 MP: 5/5
   466 | D:5      | Reached skill level 4 in Axes
   602 | D:5      | Reached XP level 6. HP: 33/56 MP: 6/6
   805 | D:5      | Found a shimmering altar of Xom.
   807 | D:5      | Found a staircase to the Ecumenical Temple.
   825 | Temple   | Entered the Ecumenical Temple
   879 | Temple   | Became a worshipper of Makhleb the Destroyer
   960 | D:5      | Noticed an ice beast
   976 | D:5      | Killed an ice beast
   976 | D:5      | Reached skill level 5 in Axes
   976 | D:5      | Reached skill level 1 in Invocations
   982 | D:5      | Reached XP level 7. HP: 49/63 MP: 7/7
  1020 | D:5      | Found a glowing golden altar of the Shining One.
  1071 | D:5      | Reached skill level 5 in Armour
  1097 | D:5      | Reached skill level 5 in Shields
  1112 | D:5      | Reached skill level 6 in Axes
  1360 | D:6      | Reached * piety under Makhleb
  1362 | D:6      | Reached XP level 8. HP: 50/73 MP: 9/9
  1420 | D:6      | Found Ryroluleh's Assorted Antiques.
  1529 | D:6      | Found Gidghe's Jewellery Shop.
  1539 | D:6      | Reached skill level 7 in Axes
  1583 | D:6      | Found Misol's Armour Emporium.
  1766 | D:6      | Found Wubbomez's Armour Boutique.
  1773 | D:6      | Bought a +0 pair of gloves for 49 gold pieces
  2155 | D:7      | Reached ** piety under Makhleb
  2157 | D:7      | Reached skill level 8 in Axes
  2159 | D:7      | Reached skill level 5 in Fighting
  2163 | D:7      | Gained mutation: You passively map the area around you. [Deep Dwarf growth]
  2163 | D:7      | Reached XP level 9. HP: 49/81 MP: 11/11
  3098 | D:8      | Noticed a two-headed ogre
  3266 | D:8      | Killed a two-headed ogre
  3266 | D:8      | Reached skill level 9 in Axes
  3266 | D:8      | Reached skill level 5 in Invocations
  3745 | D:9      | Noticed a gargoyle
  3747 | D:9      | Noticed a two-headed ogre
  3753 | D:9      | Noticed a gargoyle
  3768 | D:9      | Killed a gargoyle
  3768 | D:9      | Reached XP level 10. HP: 58/91 MP: 13/13
  3777 | D:9      | Noticed a centaur warrior
  3787 | D:9      | Killed a two-headed ogre
  3787 | D:9      | Reached skill level 10 in Axes
  3791 | D:9      | Killed a centaur warrior
  3798 | D:9      | HP: 6/138 [gargoyle/flail of distortion (20)]
  3803 | D:9      | Slain by a gargoyle

Skill      XL: |  1  2  3  4  5  6  7  8  9 10 |
---------------+-------------------------------+-----
Fighting       | 3 4 5 6 |  6.4
Axes           | 3 4 5 6 8 9 10 | 10.5
Armour         | 4 5 6 7 |  7.9
Dodging        | 1 2 |  2.0
Shields        | 4 5 6 7 |  7.7
Invocations    | 1 3 4 5 6 |  6.8

Action                   |  1- 3 |  4- 6 |  7- 9 | 10-12 || total
-------------------------+-------+-------+-------+-------++-------
Melee: War axe           |    78 |   120 |   413 |    30 ||   641
       Flail             |       |       |     3 |       ||     3
Throw: Throwing net      |       |       |       |     1 ||     1
Invok: Minor Destruction |       |       |     1 |       ||     1
 Abil: Heal Wounds       |       |     2 |     7 |     1 ||    10
  Use: Scroll            |     5 |     4 |    10 |       ||    19
       Potion            |       |       |     2 |     1 ||     3
  Eat: Chunk             |       |       |     8 |       ||     8
       Royal jelly       |       |       |     1 |       ||     1
Armor: Scale mail        |    40 |    36 |       |       ||    76
       Chain mail        |       |    33 |   260 |    12 ||   305
Dodge: Dodged            |    30 |    28 |   143 |     7 ||   208
Block: Shield            |    47 |    64 |   289 |    12 ||   412

Vault maps used:
D:1:      tarquinn_simple_flora_water_d
D:2:      kennysheep_generic_room_3, uniq_crazy_yiuf_cottage
D:3:      trog_book
D:4:      nicolae_ossuary_entry_giza, minmay_misc_feat_nine_boxes
D:5:      minmay_temple_entry_overgrown, basic_altar, first_bread, minivault_19,
          nicolae_tso_swordbearing_angel
D:6:      minmay_flawed_box, serial_shops, nicolae_shop_waterfront,
          kennysheep_mini, shop, shop_fountains, minmay_misc_feat_encased
D:7:      kennysheep_generic_room_5
D:8:      kennysheep_generic_room_8
D:9:      minmay_the_grid_triangle_9x9_rhombus_thin_mashed, serial_shops, shop
Temple:   compressed_dpeg_circular_temple
